 Dungeon Crawl Stone Soup version 0.30-a0-359-gd0147acb1a (webtiles) character file.

Game seed: 11984773980041985189

1500 mcwallace the Protected (level 8, -3/74 HPs)
             Began as an Armataur Fighter on Nov 13, 2022.
             Slain by an ogre
             ... wielding a +0 giant club
              (16 damage)
             ... on level 5 of the Dungeon.
             The game lasted 00:06:53 (3702 turns).

mcwallace the Protected (Armataur Fighter)          Turns: 3702, Time: 00:06:54

Health: -3/74      AC: 11    Str: 24    XL:     8   Next: 52%
Magic:  8/8        EV:  8    Int:  9    God:
Gold:   296        SH:  5    Dex:  9    Spells: 7/7 levels left

rFire   . . .      SeeInvis .    e - +2 spear (venom) {polearm}
rCold   . . .      Faith    .    c - +0 buckler
rNeg    . . .      Spirit   .    B - +3 ring mail
rPois   .          Reflect  .    w - +0 helmet
rElec   .          Harm     .    (no cloak)
rCorr   .          Roll     +    (no gloves)
Will    .....                    (no barding)
Stlth   ..........               (no amulet)
HPRegen 0.32/turn                R - ring of wizardry
MPRegen 0.11/turn                (no ring)

@: no status effects
A: large, rugged brown scales 3, deformed body, armoured tail, roll, long
tongue, awkward tongue
a: no special abilities


You were on level 5 of the Dungeon.
You visited 1 branch of the dungeon, and saw 5 of its levels.

You collected 296 gold pieces.


Innate Abilities, Weirdness & Mutations

You are completely covered in rugged brown scales. (AC +3, +7% HP)
Armour fits poorly on your strangely shaped body.
You have a long armoured tail.
You roll when moving toward enemies. (Rampage)
Your long tongue fully drains potion bottles. (2x potion effects)
Your tongue gives you trouble enunciating. (1.5x scroll delay)


   Skills:
 + Level 6.1 Fighting
 - Level 2.0 Axes
 + Level 8.2 Armour
 + Level 7.4 Shields


You had 7 spell levels left.
You didn't know any spells.
Your spell library contained the following spells:

 Spells                   Type           Power      Damage    Failure   Level
 Sandblast                Erth           0%         2d4       26%         1
 Slow                     Hex            0%         N/A       26%         1
 Passwall                 Tmut/Erth      0%         N/A       38%         2
 Static Discharge         Conj/Air       0%         2-2/arc   38%         2
 Confusing Touch          Hex            0%         N/A       61%         3
 Stone Arrow              Conj/Erth      0%         3d7       61%         3
 Summon Guardian Golem    Hex/Summ       0%         N/A       61%         3
 Vampiric Draining        Necr           0%         2d6       61%         3
 Vhi's Electric Charge    Tloc/Air       0%         N/A       61%         3
 Arcjolt                  Conj/Air       0%         1d10      99%         5
 Lightning Bolt           Conj/Air       0%         1d11      99%         5
 Orb of Destruction       Conj           0%         9d5       100%        7
 Spellforged Servitor     Conj/Summ      0%         N/A       100%        7

Inventory:

Hand Weapons
 a - a +0 war axe {axe}
 e - a +2 spear of venom (weapon) {polearm}
   (You found it on level 1 of the Dungeon)
Missiles
 g - 22 stones (quivered) {throwing}
 q - 3 poisoned darts {throwing}
 E - 3 curare-tipped darts {=fthrowing}
 F - a throwing net {=f!fthrowing}
Armour
 b - a +0 scale mail
 c - a +0 buckler (worn)
 f - a +0 robe
   (You found it on level 1 of the Dungeon)
 n - a +0 ring mail
   (You found it on level 2 of the Dungeon)
 o - a +0 leather armour
   (You found it on level 2 of the Dungeon)
 t - a +0 ring mail
   (You found it on level 2 of the Dungeon)
 u - a +0 leather armour
   (You found it on level 2 of the Dungeon)
 w - a +0 helmet (worn)
   (You found it on level 2 of the Dungeon)
 y - a +0 scale mail
   (You took it off a hobgoblin on level 2 of the Dungeon)
 A - a +0 leather armour
   (You took it off an orc on level 3 of the Dungeon)
 B - a +3 ring mail (worn)
   (You found it on level 3 of the Dungeon)
 G - a +0 robe
   (You took it off an orc wizard on level 4 of the Dungeon)
 H - a +0 leather armour
   (You took it off an orc on level 4 of the Dungeon)
 I - a +0 leather armour
   (You took it off an orc on level 4 of the Dungeon)
 J - a +0 ring mail
   (You found it on level 4 of the Dungeon)
 N - a +0 robe
   (You took it off Pikel on level 4 of the Dungeon)
 P - a +0 robe
   (You found it on level 4 of the Dungeon)
 Q - a +0 leather armour
   (You took it off Eustachio on level 4 of the Dungeon)
 S - a +0 chain mail
   (You took it off an orc priest on level 4 of the Dungeon)
 T - a +0 robe
   (You took it off an orc wizard on level 4 of the Dungeon)
Magical Staves
 j - a staff of death {!astaff}
   (You found it on level 1 of the Dungeon)
 K - a staff of death {!astaff}
   (You found it on level 4 of the Dungeon)
Jewellery
 R - a ring of wizardry (left hand)
   (You found it on level 4 of the Dungeon)
Wands
 L - a wand of flame (17)
   (You took it off Natasha on level 4 of the Dungeon)
 O - a wand of light (7)
   (You found it on level 4 of the Dungeon)
Scrolls
 h - a scroll of torment {unknown}
 l - 5 scrolls of identify {unknown}
 m - a scroll of blinking {unknown}
 p - a scroll of poison {unknown}
 r - 3 scrolls of amnesia {unknown}
 x - a scroll of noise {unknown}
 C - a scroll of immolation {unknown}
 M - a scroll of teleportation {unknown}
Potions
 d - 2 potions of might
 i - 2 potions of heal wounds {unknown}
 k - 2 potions of mutation {unknown}
 s - a potion of lignification {unknown}
 v - a potion of magic {unknown}
 z - 2 potions of curing {@q1}
 D - a potion of degeneration {unknown}

Dungeon Overview and Level Annotations

Branches:
Dungeon (5/15) Zot: 26236
 Temple: D:4-7

Altars:

...........####..##.#.#
#.....................#
#..........######.....##
#.......#### ###....>
........######### #.....
................###.....
........................
#.......................
#......@#######.........
#......OO.....#.........
#......J......#.........
#######.......#.........
#.......#.........
#.......#####.....
#.......# #.......#


You could see 2 ogres and a jelly.


Message History

There is a stone staircase leading down here.
You climb downwards.
There is a stone staircase leading up here.
You open the door.
There is an open door here.
A white imp comes into view.
The white imp shouts, "Begone, thou mewling nose-picking strumpet!"
A white imp is nearby!
The white imp grins evilly.
You closely miss the white imp. The white imp closely misses you.
You hit the white imp.
You tail-slap the white imp, but do no damage.
The white imp hits you but does no damage.
You hit the white imp.
You kill the white imp!
No target in view!
No target in view!
A gnoll comes into view. It is wielding a +0 whip.
Found a stone staircase leading up.
The gnoll shouts!
A gnoll is nearby!
A gnoll is nearby!
A gnoll is nearby!
A gnoll comes into view. It is wielding a +0 club.
The gnoll shouts!
You hear an angry hiss.
A gnoll comes into view. It is wielding a +0 whip.
You reach to attack!
You closely miss the gnoll.
The gnoll shouts!
You completely miss the gnoll. The gnoll hits you but does no damage.
You puncture the gnoll!
The gnoll is poisoned.
Your tail-slap misses the gnoll.
The gnoll hits you with a +0 whip. 😕 HP[-3]
You take 3 damage, and now have 71/74 hp.
You hit the gnoll.
The gnoll looks as sick as possible!
The gnoll closely misses you.
You hit the gnoll.
You kill the gnoll!
The gnoll closely misses you.
You closely miss the gnoll. You tail-slap the gnoll!
The gnoll hits you but does no damage. 😕 HP[+1]
You hit the gnoll.
You kill the gnoll!
The gnoll hits you but does no damage.
You hit the gnoll. You tail-slap the gnoll. The gnoll closely misses you.
You closely miss the gnoll.
The gnoll hits you but does no damage. 😕 HP[+1]
You hit the gnoll but do no damage.
The gnoll is poisoned.
You block the gnoll's attack. The gnoll hits you but does no damage.
You barely miss the gnoll. The gnoll hits you but does no damage.
You hit the gnoll.
The gnoll looks as sick as possible!
You kill the gnoll! 😎 HP[+1]
Your hp is fully restored (74).
You now have 291 gold pieces (gained 10).
An iguana comes into view.
An iguana is nearby!
An iguana is nearby!
An iguana is nearby!
An iguana is nearby!
The iguana hisses angrily.
You roll towards the iguana!
You hit the iguana.
The iguana is poisoned.
You tail-slap the iguana. You block the iguana's attack.
You hit the iguana.
The iguana looks as sick as possible!
The iguana bites you! 😕 HP[-7]
You take 7 damage, and now have 67/74 hp.
You hit the iguana.
You kill the iguana!
No target in view!
No target in view!
You see here an iguana corpse.
You now have 296 gold pieces (gained 5).
Key pressed, stopping explore.
There is a stone staircase leading up here.
Found a stone staircase leading down. 😎 HP[+7]
Your hp is fully restored (74).
Key pressed, stopping explore.
An ogre comes into view. It is wielding a +0 giant club.
The ogre shouts!
You hear a shout!
An ogre comes into view. It is wielding a +0 giant club.
A jelly comes into view.
The jelly quivers.
You reach to attack!
You barely miss the ogre. You barely miss the ogre.
The ogre hits you with a +0 giant club! 😕 HP[-14]
You take 14 damage, and now have 60/74 hp.
You hit the ogre. The ogre barely misses you.
You hit the ogre.
The ogre is poisoned. 😕 HP[+1]
You hit the ogre.
The ogre hits you with a +0 giant club! x2 😮 HP[-16]
You take 16 damage, and now have 45/74 hp.
MASSIVE DAMAGE!! (PAUSE)
The ogre attacks as you move away!
The ogre hits you with a +0 giant club!!
* * * LOW HITPOINT WARNING * * *
The ogre attacks as you move away! The ogre hits you with a +0 giant club!
You die...

Skill      XL: |  1  2  3  4  5  6  7  8 |
---------------+-------------------------+-----
Armour         | 4 5 6 7 8 |  8.2
Fighting       | 3 4 5 6 |  6.1
Axes           | 2 |  2.0
Shields        | 4 6 7 |  7.4

Action                   |  1- 3 |  4- 6 |  7- 9 || total
-------------------------+-------+-------+-------++-------
Melee: War axe           |    73 |       |       ||    73
       Tailslap          |     8 |    12 |    17 ||    37
       Spear             |    45 |   144 |   124 ||   313
Throw: Dart              |       |       |     3 ||     3
Armor: Scale mail        |    65 |    27 |       ||    92
       Ring mail         |       |    28 |    57 ||    85
Dodge: Dodged            |    36 |    24 |    27 ||    87
Block: Buckler           |    32 |    14 |    16 ||    62

Levels and vault maps discovered:
D:1:      onia_arrival_mini_spirals, layout_loops_ring, st_stairs_7,
          minmay_vboxes
D:2:      layout_basic, minmay_joined_circles
D:3:      layout_basic
D:4:      layout_rooms, uniq_pikel, uniq_natasha, uniq_eustachio
D:5:      lemuel_insect_pit, layout_basic

Notes
Turn   | Place    | Note
-------+----------+-------------------------------------------
     0 | D:1      | mcwallace the Armataur Fighter began the quest for the Orb.
     0 | D:1      | Reached XP level 1. HP: 19/19 MP: 1/1
     0 | D:1      | magus.rc [v1.9.6]
   185 | D:1      | Reached XP level 2. HP: 26/26 MP: 2/2
   388 | D:1      | Reached skill level 4 in Armour
   390 | D:1      | Reached skill level 3 in Fighting
   436 | D:1      | Reached skill level 2 in Axes
   436 | D:1      | Reached XP level 3. HP: 31/33 MP: 3/3
  1291 | D:2      | Reached XP level 4. HP: 40/40 MP: 4/4
  1303 | D:2      | Reached skill level 4 in Shields
  1319 | D:2      | You pick up a book of Geomancy and begin reading...
  1319 | D:2      | You add the spells Sandblast, Passwall and Stone Arrow to
                  | your library.
  1884 | D:3      | Reached XP level 5. HP: 40/48 MP: 5/5
  1915 | D:3      | You pick up a book of Dangerous Friends and begin
                  | reading...
  1915 | D:3      | You add the spells Summon Guardian Golem, Orb of
                  | Destruction and Spellforged Servitor to your library.
  1935 | D:3      | You pick up a book of Lightning and begin reading...
  1935 | D:3      | You add the spells Static Discharge, Vhi's Electric Charge,
                  | Lightning Bolt and Arcjolt to your library.
  2298 | D:3      | Reached skill level 5 in Armour
  2465 | D:4      | Noticed an ogre
  2474 | D:4      | Killed an ogre
  2475 | D:4      | Reached skill level 4 in Fighting
  2475 | D:4      | Reached XP level 6. HP: 29/55 MP: 6/6
  2486 | D:4      | Reached skill level 5 in Shields
  2617 | D:4      | Noticed Pikel
  2621 | D:4      | Noticed Natasha
  2633 | D:4      | HP: 10/55 [Pikel/+2 whip of electrocution (19)]
  2634 | D:4      | Killed Pikel
  2635 | D:4      | Reached skill level 5 in Fighting
  2635 | D:4      | Reached skill level 6 in Armour
  2635 | D:4      | Reached skill level 6 in Shields
  2635 | D:4      | Reached XP level 7. HP: 13/65 MP: 7/7
  2662 | D:4      | Killed Natasha
  2795 | D:4      | Noticed Natasha
  2801 | D:4      | Killed Natasha
  2833 | D:4      | Reached skill level 7 in Armour
  2894 | D:4      | Noticed Natasha
  2900 | D:4      | Killed Natasha
  2957 | D:4      | You pick up a book of Debilitation and begin reading...
  2957 | D:4      | You add the spells Slow, Vampiric Draining and Confusing
                  | Touch to your library.
  3010 | D:4      | Noticed Eustachio
  3020 | D:4      | Killed Eustachio
  3021 | D:4      | Reached XP level 8. HP: 73/73 MP: 8/8
  3060 | D:4      | Reached skill level 7 in Shields
  3331 | D:4      | Reached skill level 8 in Armour
  3342 | D:4      | Reached skill level 6 in Fighting
  3510 | D:5      | Entered Level 5 of the Dungeon
  3702 | D:5      | HP: 13/74 [ogre/+0 giant club (32)]
  3702 | D:5      | Slain by an ogre

Vanquished Creatures
  Pikel (D:4)
  Eustachio (D:4)
  A sky beast (D:4)
  A black bear (D:4)
  2 ogres (D:4)
  A jelly (D:4)
  2 orc priests (D:4)
  Natasha (thrice) (D:4)
  2 orc wizards (D:4)
  2 iguanas
  7 gnolls
  10 adders
  A white imp (D:5)
  3 worms
  2 dart slugs (D:2)
  10 orcs
  8 bats
  6 endoplasms
  6 giant cockroaches
  12 hobgoblins
  5 jackals (D:1)
  5 quokkas
  13 ball pythons
  7 frilled lizards
  7 goblins
  8 kobolds
  4 rats
130 creatures vanquished.

Table legend:
 A = Non-vault XP
 B = Vault XP
 C = Vault XP percentage of total XP
 D = Non-vault monster count
 E = Vault monster count
 F = Vault count percentage of total count
                 A         B        C        D         E       F
            +---------+---------+-------+---------+---------+-------
      Total |    1199 |     944 |  44.1 |     100 |      30 |  23.1
            +---------+---------+-------+---------+---------+-------
        D:1 |      38 |      13 |  25.5 |      24 |       8 |  25.0
        D:2 |      57 |      57 |  50.0 |      17 |      19 |  52.8
        D:3 |     112 |       0 |   0.0 |      24 |       0 |   0.0
        D:4 |     905 |     874 |  49.1 |      30 |       3 |   9.1
        D:5 |      87 |       0 |   0.0 |       5 |       0 |   0.0
            +---------+---------+-------+---------+---------+-------

Illustrated notes

Table legend:
 A = Kills in this place as a percentage of kills in entire the game.
 B = Kills by you in this place as a percentage of kills by you in the entire game.
 C = Kills by friends in this place as a percentage of kills by friends in the entire game.
 D = Other kills in this place as a percentage of other kills in the entire game.
 E = Experience gained in this place as a percentage of experience gained in the entire game.
 F = Experience gained in this place divided by the number of levels of this place that you have seen.
                   A       B       C       D       E      F
               +-------+-------+-------+-------+-------+----------------------
         Total | 100.0 | 100.0 |   N/A |   N/A | 100.0 | 428.6
       Dungeon | 100.0 | 100.0 |   N/A |   N/A | 100.0 | 428.6
               +-------+-------+-------+-------+-------+----------------------

Table legend: (Time is in decaauts)
 A = Elapsed time spent in this place.
 B = Non-inter-level travel time spent in this place.
 C = Inter-level travel time spent in this place.
 D = Time resting spent in this place.
 E = Time spent auto-exploring this place.
 F = Levels seen in this place.
 G = Mean time per level.
                   A        B        C        D        E       F      G
               +--------+--------+--------+--------+--------+-----+--------+
         Total |   3763 |   3564 |    199 |    108 |   2674 |   5 |  752.6 |
       Dungeon |   3763 |   3564 |    199 |    108 |   2674 |   5 |  752.6 |
               +--------+--------+--------+--------+--------+-----+--------+

Top non-repeatable levels by time:
     D:4: 1074 daAuts
     D:1: 897 daAuts
     D:2: 806 daAuts
     D:3: 792 daAuts
     D:5: 193 daAuts
